 Dungeon Crawl Stone Soup version 0.26-a0-163-g6c8a0bf695 (webtiles) character file.

Game seed: 1025319827077562590

21 MrRokkomies the Sneak (level 3, 21/21 HPs)
             Began as a Kobold Brigand on July 3, 2020.
             Was a Follower of Qazlal.
             Quit the game on level 2 of the Dungeon.
             The game lasted 00:03:26 (1062 turns).

MrRokkomies the Sneak (Kobold Brigand)              Turns: 1062, Time: 00:03:27

Health: 21/21      AC:  3    Str:  9    XL:     3   Next: 5%
Magic:  3/3        EV: 15    Int: 12    God:    Qazlal [*.....]
Gold:   33         SH:  1    Dex: 16    Spells: 2/2 levels left

rFire    . . .     SeeInvis .   a - +2 dagger
rCold    . . .     Faith    .   (shield restricted)
rNeg     . . .     Spirit   .   b - +0 robe
rPois    .         Reflect  .   (no helmet)
rElec    .         Harm     .   c - +0 cloak
rCorr    .         Rnd*Tele +   (no gloves)
MR       .....                  (no boots)
Stlth    +++.......             (no amulet)
HPRegen  0.07/turn              g - ring of teleportation (curse)
MPRegen  0.08/turn              (no ring)

@: no status effects
A: small, carnivore
a: Renounce Religion


You were on level 2 of the Dungeon.
You worshipped Qazlal.
Qazlal was aware of your devotion.
You were completely stuffed.

You visited 1 branch of the dungeon, and saw 2 of its levels.

You collected 33 gold pieces.

Inventory:

Hand Weapons
 a - a +2 dagger (weapon)
Missiles
 d - 25 poisoned darts (quivered)
 e - 2 curare-tipped darts
 l - 16 bolts
Armour
 b - a +0 robe (worn)
 c - a +0 cloak (worn)
Jewellery
 g - a cursed ring of teleportation (left hand)
Scrolls
 h - 2 scrolls of identify {unknown}
 i - a scroll of amnesia {unknown}
 j - a scroll of teleportation
 k - a scroll of enchant weapon {unknown}
Comestibles
 f - 2 rations
 m - a chunk of flesh


   Skills:
 - Level 2.1 Fighting
 * Level 3.3 Short Blades
 + Level 2.3 Throwing
 * Level 2.2 Dodging
 + Level 5.5 Stealth


You had 2 spell levels left.
You didn't know any spells.
Your spell library was empty.

Dungeon Overview and Level Annotations

Branches:
Dungeon (2/15)

Altars:
Qazlal


Innate Abilities, Weirdness & Mutations

You are small and have problems with some larger weapons.
You are carnivorous and can eat meat at any time.


Message History

You are now surrounded by a storm.
You butcher the rat corpse.
m - a chunk of flesh You see here a rat skeleton. x2
Eating a chunk of flesh.
You eat the chunk of flesh.
This raw flesh tastes great.
You butcher the bat corpse.
m - a chunk of flesh You butcher the hobgoblin corpse.
m - 3 chunks of flesh (gained 2)
Things that are here:
a +0 club; a bat skeleton; a hobgoblin skeleton
Things that are here:
a +0 club; a bat skeleton; a hobgoblin skeleton Eating one of 3 chunks of flesh.
You eat one of the 3 chunks of flesh.
This raw flesh tastes great.
Eating one of 2 chunks of flesh.
You eat one of the 2 chunks of flesh.
This raw flesh tastes great.
Found 14 sling bullets.
You now have 33 gold pieces (gained 7).
Are you sure you want to abandon this character and quit the game? (Confirm with "yes".)

#.......#.#.#
#.........#.# ..
#....7......###.###
#$..7.7...........(
.7._.7...........
#.....7.7............
#......7.............
###........÷..○..<...
...#......§.@.......
.....................
.....................
..........#########
..................#
...#####.########.#
.. #.##.......#
#.##.#######
#.......#


There were no monsters in sight!

Vanquished Creatures
  A leopard gecko (D:2)
  A giant cockroach (D:2)
  2 goblins (D:1)
  3 hobgoblins
  2 kobolds (D:1)
  A quokka (D:2)
  6 bats
  A frilled lizard (D:1)
  3 rats
20 creatures vanquished.

Notes
Turn   | Place    | Note
-------+----------+-------------------------------------------
     0 | D:1      | MrRokkomies the Kobold Brigand began the quest for the Orb.
     0 | D:1      | Reached XP level 1. HP: 12/12 MP: 1/1
   327 | D:1      | Reached XP level 2. HP: 8/17 MP: 2/2
  1030 | D:2      | Found a faded altar of an unknown god.
  1036 | D:2      | Reached XP level 3. HP: 21/21 MP: 3/3
  1048 | D:2      | Became a worshipper of Qazlal Stormbringer
  1048 | D:2      | Reached * piety under Qazlal
  1062 | D:2      | Quit the game

Illustrated notes

Levels and vault maps discovered:
D:1:      heliophobic_arrival_ceremonial_halls, layout_basic, interstate_on_off,
          st_stairs_5
D:2:      minmay_roachtagon, layout_basic, nicolae_ru_sacrificial_ziggurat,
          chequers_ecumenical_altar_simple_redux

Skill      XL: |  1  2 |
---------------+-------+-----
Short Blades   | 3 |  3.3
Dodging        | 2 |  2.2
Fighting       | |  2.1
Throwing       | |  2.3
Stealth        | |  5.5

Action                   || total
-------------------------++-------
Melee: Dagger            ||    58
Throw: Dart              ||     2
  Use: Scroll            ||     1
 Stab: Sleeping          ||     7
  Eat: Chunk             ||     9
Armor: Robe              ||     5
Dodge: Dodged            ||    31

Table legend:
 A = Non-vault XP
 B = Vault XP
 C = Vault XP percentage of total XP
 D = Non-vault monster count
 E = Vault monster count
 F = Vault count percentage of total count
                 A         B        C        D         E       F
            +---------+---------+-------+---------+---------+-------
      Total |      26 |       5 |  16.1 |      17 |       3 |  15.0
            +---------+---------+-------+---------+---------+-------
        D:1 |      15 |       5 |  25.0 |      11 |       3 |  21.4
        D:2 |      11 |       0 |   0.0 |       6 |       0 |   0.0
            +---------+---------+-------+---------+---------+-------
